 Dungeon Sprint DCSS version 0.21.1-1-g345015f (webtiles) character file.

3 doot the Skirmisher (level 1, -7/20 HPs)
             Began as a Draconian Berserker on June 7, 2018.
             Was a Follower of Trog.
             Mangled by a phantom (8 damage)
             ... in the Dungeon (Sprint V: "Ziggurat Sprint").
             The game lasted 00:01:09 (62 turns).

doot the Skirmisher (Draconian Berserker)             Turns: 62, Time: 00:01:10

Health: -7/20      AC:  4    Str: 31    XL:     1   Next: 41%
Magic:  1/1        EV: 13    Int:  7    God:    Trog [*.....]
Gold:   0          SH:  0    Dex: 10    Spells: 0/0 levels left

rFire    . . .     SeeInvis .   b - +10 dark maul {crush}
rCold    . . .     Gourm    .   (shield currently unavailable)
rNeg     . . .     Faith    .   (armour unavailable)
rPois    .         Spirit   .   (helmet restricted)
rElec    .         Reflect  .   (no cloak)
rCorr    .         Harm     .   (no gloves)
MR       .....     NoTele   +   (no boots)
Stlth    +.........             (no amulet)
HPRegen  0.06/turn              F - +6 ring of strength
MPRegen  0.07/turn              G - +6 ring of strength

@: berserk cooldown, slowed, very slow
A: unfitting armour, cold-blooded, AC +4
a: Berserk, Burn Spellbooks, Renounce Religion


You were in the Dungeon.
You worshipped Trog.
Trog was aware of your devotion.
You were not hungry.

You visited 1 branch

Inventory:

Hand Weapons
 a - the +9 heavy crossbow "Sniper" {velocity, Acc+∞ SInv}
   (You found it in the Dungeon)

   Any bolt fired from it inflicts extra damage.
   It lets you see invisible.
 b - the +10 dark maul (weapon) {crush}
   (You found it in the Dungeon)

   It inflicts extra damage upon your enemies.
Missiles
 y - 1000 bolts
Armour
 h - a +5 crystal plate armour
 i - +5 fire dragon scales
 j - +5 gold dragon scales
 k - +5 ice dragon scales
 l - a +5 plate armour
 m - +5 shadow dragon scales
 n - +5 storm dragon scales
Jewellery
 B - a +6 ring of dexterity
 C - a +6 ring of dexterity
 D - a +6 ring of intelligence
 E - a +6 ring of intelligence
 F - a +6 ring of strength (left hand)
 G - a +6 ring of strength (right hand)
Wands
 H - a wand of disintegration (7)
 I - a wand of iceblast (7)
 J - a wand of acid (7)
Scrolls
 g - 4 scrolls of blinking
 o - 7 scrolls of fog
 p - a scroll of holy word
 q - 5 scrolls of identify
 r - 5 scrolls of remove curse
 s - 2 scrolls of fear
Potions
 c - 10 potions of heal wounds
 d - 6 potions of haste
 e - 7 potions of magic
 f - 3 potions of berserk rage
 t - 2 potions of brilliance
 u - 2 potions of invisibility
 v - 4 potions of resistance
 w - a potion of experience
 x - 5 potions of agility
 z - 5 potions of might
 K - 10 potions of curing
Miscellaneous
 A - a lightning rod (4/4)
Comestibles
 L - 7 rations


   Skills:
 + Level 3.9 Fighting
 + Level 3.1 Dodging
 + Level 3.3 Unarmed Combat


You couldn't memorise any spells.
You didn't know any spells.

Dungeon Overview and Level Annotations

Branches:
Dungeon (1/1)

Altars:
Ashenzari
Cheibriados
Dithmenos
Elyvilon
Fedhas
Gozag
Hepliaklqana
Kikubaaqudgha
Makhleb
Nemelex Xobeh
Okawaru
Qazlal
Ru
Sif Muna
Trog
Uskayaw
Vehumet
Wu Jian
Xom
Yredelemnul
Zin
The Shining One
Beogh
Jiyva
Lugonu

Annotations:
D 1 transporter


Innate Abilities, Weirdness & Mutations

Your plain brown scales are hard. (AC +4)
You cannot fit into any form of body armour.
You are cold-blooded and may be slowed by cold attacks.


Message History

The phantom misses you.
You barely miss the phantom.
Your tail-slap misses the phantom.
The phantom barely misses you.
The phantom hits you but does no damage.
You bludgeon the phantom!!
Your tail-slap misses the phantom.
The phantom is severely damaged.
The phantom hits you.
The phantom blinks!
You are no longer berserk.
You are exhausted.
You feel yourself slow down.
You closely miss the phantom.
The phantom is severely damaged.
The phantom hits you but does no damage.
The phantom hits you!
Ouch! That really hurt!
* * * LOW HITPOINT WARNING * * *
The phantom hits you.
* * * LOW HITPOINT WARNING * * *
The phantom hits you!
You die...

▓▓▓▓▓▓▓
▓.8©8.▓
▓.....▓
▓.:.|.▓
▓..W..▓
▓.@...▓
▓..©..▓
▓▓▓▓▓▓▓


You could see a phantom.

Vanquished Creatures
  An adder skeleton (D)
1 creature vanquished.

Vanquished Creatures (others)
  A spatial maelstrom (D)
1 creature vanquished.

Grand Total: 2 creatures vanquished

Notes
Turn   | Place    | Note
-------+----------+-------------------------------------------
     0 | D        | Found the +6 Majin-Bo {vamp, Archmagi MP+6 Int+6}
     0 | D        | Found the +7 great mace "Firestarter" {inner flame, rF++}
     0 | D        | doot the Draconian Berserker began the quest for the Orb.
     0 | D        | Reached XP level 1. HP: 19/19 MP: 1/1
     3 | D        | Found a blossoming altar of Fedhas.
     4 | D        | Found a transporter.
     4 | D        | Found a viscous altar of Jiyva.
     4 | D        | Found an ancient bone altar of Kikubaaqudgha.
     4 | D        | Found a hazy altar of Hepliaklqana.
     4 | D        | Found a corrupted altar of Lugonu.
     4 | D        | Found an opulent altar of Gozag.
     4 | D        | Found a burning altar of Makhleb.
     5 | D        | Found a sacrificial altar of Ru.
     5 | D        | Found a stormy altar of Qazlal.
     5 | D        | Found a deep blue altar of Sif Muna.
     5 | D        | Found an iron altar of Okawaru.
     5 | D        | Found a bloodstained altar of Trog.
     5 | D        | Found a sparkling altar of Nemelex Xobeh.
     7 | D        | Banished a spatial maelstrom
    40 | D        | Found the +6 shillelagh "Devastator" {shatter}
    40 | D        | Found the +11 plutonium sword {*Contam Stlth-}
    40 | D        | Found the +8 lance "Wyrmbane" {slay drac, rPois rF+ rC+ AC+3}
    40 | D        | Found the +9 sword of Zonguldrok {reap}
    40 | D        | Found the cursed +13 scythe of Curses {drain, *Curse}
    40 | D        | Found the +0 sword of Power
    40 | D        | Found the +14 mace of Variability {chaos}
    40 | D        | Found the +7 Singing Sword
    40 | D        | Found the +7 longbow "Piercer" {penet, EV-2}
    41 | D        | Found the +9 heavy crossbow "Sniper" {velocity, Acc+∞ SInv}
    41 | D        | Found the +10 dark maul {crush}
    41 | D        | Found the +15 Maxwell's patent armour {-Cast -Tele rElec MR+ rCorr}
    41 | D        | Found the +18 shield of the Gong {rElec rN+ MR+ EV-5}
    41 | D        | Found the cursed +14 obsidian axe {chop, +Fly SInv *Curse}
    52 | D        | Entered arena 2.
    52 | D        | Noticed a phantom
    52 | D        | Found a transporter.
    62 | D        | HP: 1/20 [phantom (3)]
    62 | D        | Mangled by a phantom

Skill      XL: |  1 |
---------------+----+-----
Dodging        | 3 |  3.1
Fighting       | |  3.9
Unarmed Combat | |  3.3

Action                   || total
-------------------------++-------
Melee: Maul              ||     7
Invok: Berserk           ||     1
Armor: Skin              ||     5
Dodge: Dodged            ||     2
